 Dungeon Sprint DCSS version 0.30-a0-1160-g6e42c06551 (webtiles) character file.

Game seed: 8835648056245227699

386 dialectric the Unseen (level 6, -5/31 HPs)
             Began as a Spriggan Brigand on Apr 25, 2023.
             Slain by a wyvern (17 damage)
             ... in the Dungeon (Sprint II: "The Violet Keep of Menkaure").
             The game lasted 00:00:45 (59 turns).

dialectric the Unseen (Spriggan Brigand)              Turns: 59, Time: 00:00:46

Health: -5/31      AC:  3    Str:  7    XL:     6   Next: 48%
Magic:  7/7        EV: 17    Int: 13    God:
Gold:   0          SH:  0    Dex: 18    Spells: 5/5 levels left

rFire   . . .        a - +2 dagger
rCold   . . .        (no shield)
rNeg    . . .        b - +0 robe
rPois   .            (helmet restricted)
rElec   .            c - +0 cloak
rCorr   .            (gloves unavailable)
SInv    +            (boots unavailable)
Will    +....        (no amulet)
Stlth   +++++++      (no ring)
HPRegen 0.25/turn    (no ring)
MPRegen 0.10/turn

%: no teleportation
@: on berserk cooldown, slowed, quick
A: very small, no large weapons, unfitting armour, see invisible, speed 3
a: no special abilities


You were in the Dungeon.
You visited 1 branch

Inventory:

Hand Weapons
 a - a +2 dagger (weapon)
Missiles
 d - 9 poisoned darts
 e - 3 curare-tipped darts (quivered)
Armour
 b - a +0 robe (worn)
 c - a +0 cloak (worn)
Scrolls
 k - a scroll of blinking
Potions
 f - a potion of curing
 g - a potion of heal wounds
 h - a potion of haste
 i - 2 potions of magic


   Skills:
 - Level 2.3 Fighting
 + Level 6.4 Short Blades
 - Level 2.0 Throwing
 - Level 2.0 Dodging
 + Level 19.4 Stealth


You had 5 spell levels left.
You didn't know any spells.
Your spell library was empty.

Dungeon Overview and Level Annotations

Branches:
Dungeon (1/1)

Altars:

Annotations:
D Roxanne


Innate Abilities, Weirdness & Mutations

You are very small and have problems with some larger weapons.
You are too small for most types of armour.
You have supernaturally acute eyesight. (SInv)
You cover ground extremely quickly. (Speed+++)


Message History

The necrophage is almost destroyed.
You hit the necrophage.
You destroy the necrophage!
Your life force feels restored.
Your Short Blades skill increases to level 5!
Your Stealth skill gained 2 levels and is now at level 16!
You have reached level 5!
You feel clever.
You hit the necrophage.
The necrophage is lightly damaged.
You hit the necrophage.
The necrophage is moderately damaged.
The necrophage misses you.
You puncture the necrophage!
The necrophage is almost destroyed.
You puncture the necrophage!
You destroy the necrophage!
Your Stealth skill increases to level 17!
You are no longer berserk.
You are exhausted.
You feel yourself slow down.
There is an open door here.
Things that are here:
a necrophage corpse; a necrophage corpse; a necrophage corpse
There is a staircase leading out of the dungeon here.
You start resting.
HP restored.
You open the door.
There is an open door here.
The helpless wyvern fails to defend itself.
You spit the wyvern like a pig!!!!
You kill the wyvern!
The wyvern barely misses you. The wyvern bites you!
Your Short Blades skill increases to level 6!
Your Stealth skill gained 2 levels and is now at level 19!
You have reached level 6!
The wyvern bites you!
You open the door. The wyvern misses you. The wyvern bites you!
Ouch! That really hurt!
You die...

§~~ 8~~ ~§
§~ #+++ ...
##'# ##@#
## #l###.#
##.#.# #
##'# .##
###.##.B.#
#+.<.+#
#.##.##.B$#
#3 #†# .##
# #.#.# #


You could see Roxanne (unaware) and a wyvern.

Vanquished Creatures
  A wyvern (D)
  4 necrophages (D)
5 creatures vanquished.

Vanquished Creatures (others)
  A water moccasin (D)
1 creature vanquished.

Grand Total: 6 creatures vanquished

Notes
Turn   | Place    | Note
-------+----------+-------------------------------------------
     0 | D        | dialectric the Spriggan Brigand began the quest for the
                  | Orb.
     0 | D        | Reached XP level 1. HP: 10/10 MP: 2/2
     1 | D        | Noticed a neqoxec
     4 | D        | Noticed a wyvern
     4 | D        | Noticed a wyvern
     7 | D        | Noticed a boulder beetle
     7 | D        | Noticed a boulder beetle
    10 | D        | Noticed a necrophage
    10 | D        | Noticed a necrophage
    10 | D        | Noticed a necrophage
    10 | D        | Noticed a necrophage
    17 | D        | Killed a necrophage
    18 | D        | Reached skill level 11 in Stealth
    18 | D        | Reached XP level 2. HP: 16/16 MP: 3/3
    18 | D        | Reached XP level 3. HP: 19/19 MP: 4/4
    22 | D        | Killed a necrophage
    23 | D        | Reached skill level 14 in Stealth
    23 | D        | Reached XP level 4. HP: 23/23 MP: 5/5
    24 | D        | Killed a water moccasin
    31 | D        | Killed a necrophage
    32 | D        | Reached skill level 5 in Short Blades
    32 | D        | Reached skill level 16 in Stealth
    32 | D        | Reached XP level 5. HP: 27/27 MP: 6/6
    36 | D        | Reached skill level 17 in Stealth
    56 | D        | Killed a wyvern
    57 | D        | Reached skill level 19 in Stealth
    57 | D        | Reached XP level 6. HP: 22/31 MP: 7/7
    59 | D        | Identified Roxanne's Teachings on the Plateau
    59 | D        | Noticed Roxanne
    59 | D        | Slain by a wyvern

Illustrated notes

Levels and vault maps discovered:
D:        the_violet_keep_of_menkaure [sprint2_stairs_cluster_1,
          sprint2_shoproom, sprint2_temple, sprint2_basic_supplies,
          sprint2_obstacle_7, sprint2_obstacle_3, sprint2_obstacle_6,
          sprint2_obstacle_2, sprint2_obstacle_4, sprint2_timed_cluster_1,
          sprint2_smallroom_cluster_1, sprint2_smallroom_final_cluster_1,
          sprint2_transparent_cluster_1, sprint2_second_timed_cluster_1,
          sprint2_sniper_area_1, sprint2_heavy_combat_area_1,
          sprint2_mutation_trap_area_1, sprint2_forest_area_1,
          sprint2_light_combat_area_1, sprint2_behind_water_1,
          sprint2_near_end_vault_1]

Skill      XL: |  1  2  3  4  5 |
---------------+----------------+-----
Fighting       | 2 |  2.3
Short Blades   | 3 4 5 6 |  6.4
Dodging        | 2 |  2.0
Stealth        | 11 14 16 19 | 19.4
Throwing       | |  2.0

Action                     |  1- 3 |  4- 6 || total
---------------------------+-------+-------++-------
  Melee: Dagger            |    11 |    14 ||    25
    Use: Potion            |     1 |       ||     1
   Stab: Sleeping          |       |     1 ||     1
 Armour: Robe              |     1 |     1 ||     2
  Dodge: Dodged            |     2 |     4 ||     6

Table legend: (Time is in decaauts)
 A = Elapsed time spent in this place.
 B = Non-inter-level travel time spent in this place.
 C = Inter-level travel time spent in this place.
 D = Time resting spent in this place.
 E = Time spent auto-exploring this place.
 F = Levels seen in this place.
 G = Mean time per level.
                   A        B        C        D        E       F      G
               +--------+--------+--------+--------+--------+-----+--------+
         Total |     52 |     52 |      0 |     19 |      0 |   1 |   52.0 |
       Dungeon |     52 |     52 |      0 |     19 |      0 |   1 |   52.0 |
               +--------+--------+--------+--------+--------+-----+--------+

Top non-repeatable levels by time:
       D: 52 daAuts
